 Dungeon Crawl Stone Soup version 0.29-a0-384-g6960b1960d (webtiles) character file.

Game seed: 11352785751901158014

553 bastard the Magician (level 7, -1/46 HPs)
             Began as a Djinni Earth Elementalist on May 7, 2022.
             Was an Initiate of Makhleb.
             Slain by a two-headed ogre
             ... wielding a +0 giant spiked club
              (16 damage)
             ... on level 4 of the Dungeon.
             The game lasted 00:09:46 (6216 turns).

bastard the Magician (Djinni Earth Elementalist)    Turns: 6216, Time: 00:09:47

Health: -1/46      AC:  2    Str:  7    XL:     7   Next: 55%
Gold:   236        EV: 13    Int: 18    God:    Makhleb [......] SH:  0 Dex: 14

rFire   + + .      SeeInvis .   a - staff of earth
rCold   x . .      Faith    .   (no shield)
rNeg    . . .      Spirit   .   j - +0 robe
rPois   ∞          Reflect  .   (no helmet)
rElec   .          Harm     .   (no cloak)
rCorr   .          Rampage  .   (no gloves)
Will    .....                   (boots unavailable)
Stlth   ++........              (no amulet)
HPRegen 0.15/turn               (no ring)
MPRegen 0.00/turn               (no ring)

@: flying
A: sickness immunity, fire resistance 2, cold vulnerability 1, float, innate
caster, HP casting, extra vitality 1
a: Renounce Religion


You were on level 4 of the Dungeon.
You worshipped Makhleb.
Makhleb was noncommittal.
You visited 2 branches of the dungeon, and saw 5 of its levels.

You collected 236 gold pieces.

Inventory:

Hand Weapons
 b - a +2 dagger of venom
Missiles
 c - 68 stones
Armour
 j - a +0 robe (worn)
Magical Staves
 a - a staff of earth (weapon)
Scrolls
 h - a scroll of identify
Potions
 d - a potion of resistance
 e - a potion of might
 f - a potion of mutation {unknown}
 g - a potion of berserk rage {unknown}
 i - a potion of flight {unknown}
 k - a potion of heal wounds {unknown}
 m - a potion of curing {unknown}
 n - 2 potions of attraction {unknown}


   Skills:
 - Level 0.8 Fighting
 - Level 4.2 Dodging
 - Level 3.2 Stealth
 * Level 5.0 Spellcasting


You couldn't memorise any spells.
You knew the following spells:

 Your Spells              Type           Power      Damage    Failure   Level
a - Sandblast             Erth           68%        2d15      1%          1
b - Passwall              Tmut/Erth      28%        N/A       2%          2
c - Stone Arrow           Conj/Erth      68%        3d11      4%          3
d - Petrify               Tmut/Erth      34%        N/A       16%         4
e - Magic Dart            Conj           88%        1d7       1%          1
f - Call Imp              Summ           22%        N/A       2%          2
g - Dazzling Flash        Conj/Hex       44%        N/A       4%          3
Your spell library was empty.

Dungeon Overview and Level Annotations

Branches:
Dungeon (4/15)             Temple (1/1) D:4

Altars:
Cheibriados
Dithmenos
Elyvilon
Fedhas
Hepliaklqana
Makhleb
Nemelex Xobeh
Okawaru
Qazlal
Sif Muna
Trog
Wu Jian
Xom
Yredelemnul
The Shining One


Innate Abilities, Weirdness & Mutations

You are immune to sickness and miasma.
You are immune to poison.
Your flesh is very heat resistant. (rF++)
You are vulnerable to cold. (rC-)
You float through the air rather than walking.
You learn spells naturally, not from books.
Your magical power is your life essence.
You have superior vitality. (+4 MHP)


Message History

The orc closely misses you.
Your crimson imp misses the adder.
The orc attacks as you move away! The orc hits you with a +0 club.
The adder attacks as you move away! The adder bites you.
The howler monkey hits you.
Your crimson imp hits the adder.
The adder bites you. The orc attacks as you move away! The orc misses you.
The howler monkey hits you.
As you read the scroll of fear, it crumbles to dust.
You assume a fearsome visage.
The howler monkey looks frightened!
The adder looks frightened!
The orc looks frightened!
The two-headed ogre easily resists.
Your crimson imp blinks!
Your crimson imp hits the two-headed ogre but does no damage.
A two-headed ogre is nearby!
Casting: Call Imp (safe; 2% risk of failure)
Confirm with . or Enter, or press ? or * to list all spells.
Aiming: Passwall (safe; 2% risk of failure)
Press: ? - help, Dir - move target A rock wall.
You feel a surge of power!
This rock feels extremely deep.
The two-headed ogre misses your crimson imp.
The two-headed ogre hits your crimson imp with a +0 giant club!!
Your crimson imp dies!
Your crimson imp disappears in a puff of smoke!
Casting: Passwall (safe; 2% risk of failure)
Confirm with . or Enter, or press ? or * to list all spells.
Aiming: Passwall (safe; 2% risk of failure)
Press: ? - help, Dir - move target, f - you Please select a wall.
Okay, then.
Casting: Passwall (safe; 2% risk of failure)
Confirm with . or Enter, or press ? or * to list all spells.
Aiming: Passwall (safe; 2% risk of failure)
Press: ? - help, Dir - move target A rock wall.
You feel a surge of power!
You begin to meditate on the wall.
You continue meditating on the rock.
The two-headed ogre misses you.
The two-headed ogre hits you with a +0 giant club!
You die...

#.# #.#.#...#...#...#...
#..# #.#.#.⌠...⌠...⌠.###
#..##.#.#...#.[.#...#
#...O#.##.###)###.## ###
##..oh#...#...#...# #..
#.....#.⌠.#.⌠.#.⌠.# #<#
#.S§..#...#...#...# #.#
#.....##########.#####..
#....##..#@#
#.#.÷...####
#....#..##O#
#.###<....##
#....#.###.# #.#
##..#... #..........#
#.# ##..### #....#######
#.#####.## #....
##.......# #...
#...###### #### #...#
#...#


You could see a two-headed ogre.

Vanquished Creatures
  Menkaure (D:4)
  An ogre (D:4)
  2 jellies (D:2)
  An iguana (D:4)
  2 orc wizards
  6 adders
  3 gnolls (D:3)
  7 dart slugs
  8 orcs
  4 ball pythons
  3 bats
  8 endoplasms
  3 giant cockroaches
  5 goblins
  4 hobgoblins
  3 jackals (D:1)
  7 quokkas
  A frilled lizard (D:2)
  17 kobolds
  2 rats
88 creatures vanquished.

Vanquished Creatures (collateral kills)
  A gnoll (D:3)
  An orc (D:3)
  6 endoplasms (D:2)
  A frilled lizard (D:3)
  A rat (D:2)
10 creatures vanquished.

Vanquished Creatures (others)
  5 fungi (D:2)
  11 toadstools (D:2)
16 creatures vanquished.

Grand Total: 114 creatures vanquished

Notes
Turn   | Place    | Note
-------+----------+-------------------------------------------
     0 | D:1      | bastard the Djinni Earth Elementalist began the quest for
                  | the Orb.
     0 | D:1      | Reached XP level 1. HP: 15/15 MP: 0/0
   155 | D:1      | Reached XP level 2. HP: 5/21 MP: 0/0
  1210 | D:1      | Reached XP level 3. HP: 22/25 MP: 0/0
  1210 | D:1      | Learned a level 1 spell: Magic Dart
  1482 | D:1      | Found a faded altar of an unknown god.
  2146 | D:2      | Reached XP level 4. HP: 21/31 MP: 0/0
  2578 | D:2      | Reached skill level 3 in Spellcasting
  2585 | D:2      | Reached XP level 5. HP: 10/35 MP: 0/0
  2585 | D:2      | Learned a level 2 spell: Call Imp
  4441 | D:2      | Reached XP level 6. HP: 8/40 MP: 0/0
  5188 | D:3      | Found a faded altar of an unknown god.
  5498 | D:4      | Found a staircase to the Ecumenical Temple.
  5531 | D:4      | Noticed an ogre
  5567 | Temple   | Entered the Ecumenical Temple
  5639 | Temple   | Became a worshipper of Makhleb the Destroyer
  5730 | D:4      | Killed an ogre
  5731 | D:4      | Reached skill level 4 in Spellcasting
  5731 | D:4      | Reached XP level 7. HP: 37/46 MP: 0/0
  5731 | D:4      | Learned a level 3 spell: Dazzling Flash
  5803 | D:4      | Found a shadowy altar of Dithmenos.
  6061 | D:4      | Noticed Menkaure
  6071 | D:4      | Killed Menkaure
  6072 | D:4      | Reached skill level 5 in Spellcasting
  6160 | D:4      | Noticed a two-headed ogre
  6216 | D:4      | Slain by a two-headed ogre

Illustrated notes

Levels and vault maps discovered:
D:1:      dpeg_arrival_castle, layout_basic, serial_corexii_hall,
          corexii_hall_statues_i, corexii_hall_statues_l,
          ebering_ecumenical_altar_mist, kennysheep_small_spiral
D:2:      cheibrodos_fertilizer, layout_basic
D:3:      wad_pebble_path, layout_rooms, nicolae_overflow_ecumenical_swirl,
          mainiacjoe_overflow_catwalk
D:4:      layout_rooms, amcnicky_altar_gilded, minmay_temple_entry_nine_rooms,
          uniq_menkaure
Temple:   nicolae_temple_god_jail

Skill      XL: |  1  2  3  4  5  6  7 |
---------------+----------------------+-----
Stealth        | 2 3 |  3.2
Dodging        | 3 4 |  4.2
Spellcasting   | 3 4 5 |  5.0
Fighting       | |  0.8

Action                   |  1- 3 |  4- 6 |  7- 9 || total
-------------------------+-------+-------+-------++-------
Melee: Unarmed           |     3 |       |       ||     3
       Dagger            |    30 |    20 |       ||    50
       Staff             |       |       |     7 ||     7
 Cast: Sandblast         |    38 |    67 |    18 ||   123
       Stone Arrow       |       |     6 |       ||     6
       Petrify           |       |     1 |       ||     1
       Call Imp          |       |    15 |     8 ||    23
       Magic Dart        |       |     7 |       ||     7
       Passwall          |       |     2 |     2 ||     4
  Use: Scroll            |       |     8 |     1 ||     9
 Stab: Sleeping          |     1 |     2 |       ||     3
Armor: Robe              |     9 |     4 |     2 ||    15
Dodge: Dodged            |    42 |    49 |    24 ||   115

Table legend: (Time is in decaauts)
 A = Elapsed time spent in this place.
 B = Non-inter-level travel time spent in this place.
 C = Inter-level travel time spent in this place.
 D = Time resting spent in this place.
 E = Time spent auto-exploring this place.
 F = Levels seen in this place.
 G = Mean time per level.
                   A        B        C        D        E       F      G
               +--------+--------+--------+--------+--------+-----+--------+
         Total |   6216 |   6008 |    208 |      0 |   5200 |   5 | 1243.2 |
       Dungeon |   6134 |   5949 |    185 |      0 |   5150 |   4 | 1533.5 |
        Temple |     81 |     58 |     23 |      0 |     50 |   1 |   81.0 |
               +--------+--------+--------+--------+--------+-----+--------+

Top non-repeatable levels by time:
     D:2: 2429 daAuts
     D:1: 1770 daAuts
     D:3: 1150 daAuts
     D:4: 784 daAuts
  Temple: 81 daAuts
